 Dungeon Crawl Stone Soup version 0.19-a0-1291-gc8f5409 (webtiles) character file.

81 PurpleRed the Conjurer (level 4, 0/24 HPs)
             Began as a Deep Elf Conjurer on Aug 30, 2016.
             Succumbed to a worker ant's poison
             ... on level 4 of the Dungeon.
             The game lasted 00:05:42 (667 turns).

PurpleRed the Conjurer (Deep Elf Conjurer)           Turns: 667, Time: 00:05:42

Health: 0/24       AC:  2    Str:  5    XL:     4   Next: 19%
Magic:  1/12       EV: 13    Int: 21    God:
Gold:   67         SH:  0    Dex: 15    Spells: 2 memorised, 9 levels left

rFire  . . .     SeeInvis .     f - +2 dagger (holy)
rCold  . . .     Gourm    .     a - +0 robe
rNeg   . . .     Faith    .     (no shield)
rPois  .         Spirit   .     (no helmet)
rElec  .         Dismiss  .     (no cloak)
rCorr  .         Reflect  .     (no gloves)
MR     .....     Harm     .     (no boots)
Stlth  ++........               (no amulet)
                                (no ring)
                                (no ring)

@: lethally poisoned (0 -> -12)
A: no striking features
a: no special abilities


You were on level 4 of the Dungeon.
You were not hungry.

You visited 1 branch of the dungeon, and saw 4 of its levels.

You collected 67 gold pieces.

Inventory:

Hand Weapons
 e - a cursed +0 club
 f - a +2 dagger of holy wrath (weapon)
 q - a +0 battleaxe
Armour
 a - a +0 robe (worn)
Scrolls
 d - a scroll of noise {unknown}
 i - a scroll of fear {unknown}
 j - a scroll of teleportation {unknown}
 l - 2 scrolls of identify {unknown}
 m - a scroll of enchant armour {unknown}
 p - a scroll of fog {unknown}
Potions
 g - a potion of cancellation {unknown}
 h - a potion of resistance {unknown}
 k - 2 potions of heal wounds {unknown}
 n - a potion of curing {unknown}
Books
 b - a book of Conjurations

   Spells                             Type                      Level
   a - Magic Dart                     Conjuration                  1
   b - Searing Ray                    Conjuration                  2
   c - Dazzling Spray                 Conjuration/Hexes            3
   d - Fulminant Prism                Conjuration/Hexes            4
   e - Iskenderun's Mystic Blast      Conjuration                  4
   f - Iskenderun's Battlesphere      Conjuration/Charms           5
Comestibles
 c - a bread ration
 o - 5 fruits


   Skills:
 - Level 2.4 Dodging
 - Level 2.4 Stealth
 * Level 4.6 Spellcasting
 * Level 5.5 Conjurations


You had 9 spell levels left.
You knew the following spells:

 Your Spells              Type           Power        Failure   Level  Hunger
a - Magic Dart            Conj           ####         1%          1    None
b - Searing Ray           Conj           ####..       1%          2    #......


Dungeon Overview and Level Annotations

Branches:
Dungeon (4/15)
 Temple: D:4-7

Altars:
Uskayaw

Annotations:
D:3 Guenter's ghost, amateur KoGl


Message History

The searing ray hits the adder skeleton.
You destroy the adder skeleton!
* * * LOW HITPOINT WARNING * * *
You feel sick. The worker ant misses you.
The searing ray hits the worker ant.
The worker ant is severely wounded.
* * * LOW HITPOINT WARNING * * *
You feel sick. The worker ant closely misses you.
The searing ray hits the worker ant.
The worker ant is almost dead.
* * * LOW HITPOINT WARNING * * *
You feel sick. The worker ant bites you.
* * * LOW HITPOINT WARNING * * *
Okay, then.
The searing ray hits the worker ant.
You kill the worker ant!
You have reached level 4!
You feel clever.
You finish channeling your searing ray.
You die...

#.#### #.#.# ###...#
###.....## #########
#........## #.......#
..........###.......#
........#..##.......#
........##l.#.......#
#
........###.@#......#
### .......##
##........# ####..
..?...#
##.#.....####.....
......
##...............
...##
##......####....
#..##### #..... #..#
##..... ####.#
#...... ##....####
#......


You could see an iguana.

Vanquished Creatures
  A worker ant (D:4)
  An adder (D:3)
  An adder skeleton (D:4)
  3 worms
  2 dart slugs
  2 giant geckos
  2 orcs
  A ball python (D:3)
  2 giant cockroaches
  3 goblins
  2 hobgoblins
  A quokka (D:3)
  2 bats (D:1)
  3 giant newts
  3 kobolds
  3 rats
32 creatures vanquished.

Notes
Turn   | Place    | Note
-------+----------+-------------------------------------------
     0 | D:1      | PurpleRed the Deep Elf Conjurer began the quest for the Orb.
     0 | D:1      | Reached XP level 1. HP: 10/10 MP: 6/6
   104 | D:1      | Reached XP level 2. HP: 15/15 MP: 1/8
   230 | D:2      | Learned a level 2 spell: Searing Ray
   366 | D:3      | Reached skill level 5 in Conjurations
   417 | D:3      | Reached XP level 3. HP: 19/19 MP: 7/10
   427 | D:3      | Found a hide-covered altar of Uskayaw.
   506 | D:3      | Noticed Guenter's ghost (amateur KoGl)
   667 | D:4      | Reached XP level 4. HP: 1/24 MP: 1/12
   667 | D:4      | Succumbed to a worker ant's poison

Vault maps used:
D:1:      dpeg_arrival_tiny_a
D:2:      ashenzari_conservatory_becter, first_bread
D:3:      old_standard_altar
D:4:      makhleb_altar_promises_db, minmay_small_thing

Skill      XL: |  1  2  3 |
---------------+----------+-----
Conjurations   | 5 |  5.5
Spellcasting   | 4 |  4.6
Dodging        | |  2.4
Stealth        | |  2.4

Action                   |  1- 3 |  4- 6 || total
-------------------------+-------+-------++-------
Melee: Dagger            |    45 |       ||    45
 Cast: Magic Dart        |    25 |       ||    25
       Searing Ray       |     7 |       ||     7
 Stab: Sleeping          |     5 |       ||     5
Armor: Robe              |     8 |       ||     8
Dodge: Dodged            |    43 |       ||    43
